 Dungeon Crawl Stone Soup version 0.28.0 (webtiles) character file.

Game seed: 11561729326296668029

17756 growler the Stormcaller (level 12, -5/76 HPs)
             Began as a Tengu Air Elementalist on Feb 17, 2022.
             Was a Priest of Vehumet.
             Killed from afar by an acid dragon (34 damage)
             ... with a splash of acid
             ... on level 11 of the Dungeon.
             The game lasted 00:34:19 (18488 turns).

growler the Stormcaller (Tengu Air Elementalist)   Turns: 18488, Time: 00:34:19

Health: -5/76      AC:  1    Str: 10    XL:     12   Next: 51%
Magic:  8/29       EV: 20    Int: 22    God:    Vehumet [***...]
Gold:   634        SH: 10    Dex: 14    Spells: 11/21 levels left

rFire   + . .      SeeInvis +   b - +2 dagger (speed)
rCold   . . .      Faith    .   o - +0 buckler
rNeg    . . .      Spirit   .   a - +0 robe
rPois   .          Reflect  +   (helmet restricted)
rElec   .          Harm     .   r - +2 cloak
rCorr   .          Rampage  .   (no gloves)
Will    .....                   (boots unavailable)
Stlth   +++.......              e - amulet of reflection
HPRegen 0.22/turn               p - ring of magical power
MPRegen 0.21/turn               q - ring "Jagoac" {rF+ Int+2 SInv Stlth+}

@: corroded, flying quickly and evasively, quick
A: beak, talons 3, nimble flight
a: Renounce Religion


You were on level 11 of the Dungeon.
You worshipped Vehumet.
Vehumet was most pleased with you.
You visited 2 branches of the dungeon, and saw 12 of its levels.
You also visited: Bailey.

You collected 688 gold pieces.
You spent 54 gold pieces at shops.

Inventory:

Hand Weapons
 b - a +2 dagger of speed (weapon)
   (You took it off a goblin on level 1 of the Dungeon)
 c - the +7 hand crossbow "Qitruol" {vorpal, rElec Int+3 Dex-2}
   (You found it in a bailey)

   Any ammunition fired from it inflicts extra damage upon your enemies.
   Int:       It affects your intelligence (+3).
   Dex:       It affects your dexterity (-2).
   rElec:     It insulates you from electricity.
Missiles
 j - 14 throwing nets {!f}
Armour
 a - a +0 robe (worn)
   (You found it on level 9 of the Dungeon)
 o - a +0 buckler (worn)
   (You bought it in a shop on level 3 of the Dungeon)
 r - a +2 cloak (worn)
   (You took it off Crazy Yiuf on level 3 of the Dungeon)
 s - a scarf of resistance
   (You found it on level 4 of the Dungeon)
Jewellery
 e - an amulet of reflection (around neck)
   (You found it on level 4 of the Dungeon)
 i - a ring of protection from fire
   (You found it on level 9 of the Dungeon)
 p - a ring of magical power (left hand)
   (You found it on level 3 of the Dungeon)
 q - the ring "Jagoac" (right hand) {rF+ Int+2 SInv Stlth+}
   (You found it on level 3 of the Dungeon)

   [ring of protection from fire]

   Int:       It affects your intelligence (+2).
   rF:        It protects you from fire.
   SInv:      It lets you see invisible.
   Stlth:     It makes you more stealthy.
Wands
 t - a wand of flame (16)
   (You took it off Ijyb on level 3 of the Dungeon)
 u - a wand of paralysis (8)
   (You found it on level 5 of the Dungeon)
 v - a wand of digging (7)
   (You found it on level 8 of the Dungeon)
 x - a wand of acid (11)
   (You found it on level 6 of the Dungeon)
 P - a wand of charming (3)
   (You found it on level 10 of the Dungeon)
Scrolls
 g - a scroll of noise {!r}
 h - a scroll of summoning {unknown}
 k - 2 scrolls of teleportation {@r4}
 l - a scroll of fear
 m - a scroll of enchant armour {unknown}
 n - a scroll of amnesia
 y - 2 scrolls of vulnerability {!r}
 D - a scroll of immolation {!r}
 E - a scroll of silence {unknown}
 F - a scroll of fog {unknown}
 G - a scroll of magic mapping
 J - a scroll of blinking {unknown}
 L - a scroll of enchant weapon
 N - a scroll of identify {@r1}
 O - a scroll of holy word {unknown}
Potions
 d - a potion of resistance
 f - 2 potions of attraction {!q}
 w - 2 potions of lignification {unknown}
 z - a potion of mutation {!q}
 A - 6 potions of curing {unknown}
 B - a potion of haste {unknown}
 C - a potion of might {unknown}
 H - a potion of berserk rage
 I - a potion of brilliance {unknown}
 K - a potion of magic {unknown}
 M - a potion of heal wounds {@q2}
 Q - a potion of ambrosia {unknown}


   Skills:
 + Level 9.4 Fighting
 + Level 10.7 Dodging
 - Level 2.0 Stealth
 - Level 5.0 Shields
 - Level 5.0 Spellcasting
 + Level 9.8 Conjurations
 - Level 15.0 Air Magic


You had 11 spell levels left.
You knew the following spells:

 Your Spells              Type           Power      Damage    Failure   Level
a - Shock                 Conj/Air       100%       1d9       1%          1
b - Airstrike             Air            32%        N/A       1%          4
d - Static Discharge      Conj/Air       57%        N/A       1%          2
s - Swiftness             Air            64%        N/A       1%          3

Your spell library contained the following spells:

 Spells                   Type           Power      Damage    Failure   Level
 Ignite Poison            Fire/Tmut/Pois 5%         N/A       11%         3
 Foxfire                  Conj/Fire      100%       2x1d9     1%          1
 Magic Dart               Conj           100%       1d8       1%          1
 Searing Ray              Conj           98%        2d8       1%          2
 Conjure Flame            Conj/Fire      27%        6-21      1%          3
 Freezing Cloud           Conj/Ice/Air   20%        6-21      3%          5
 Flame Wave               Conj/Fire      27%        2d7       4%          4
 Fulminant Prism          Conj/Hex       13%        3d9       4%          4
 Inner Flame              Hex/Fire       5%         N/A       11%         3
 Gell's Gravitas          Tloc           5%         N/A       36%         3
 Lesser Beckoning         Tloc           5%         N/A       36%         3
 Teleport Other           Tloc           5%         N/A       36%         3
 Tukima's Dance           Hex            5%         N/A       36%         3
 Yara's Violent Unravell  Hex/Tmut       2%         3d3       63%         5
 Passage of Golubria      Tloc           5%         N/A       77%         4
 Simulacrum               Ice/Necr       2%         N/A       100%        6
 Polar Vortex             Ice            2%         N/A       100%        9


Dungeon Overview and Level Annotations

Branches:
Dungeon (11/15)            Temple (1/1) D:4            Lair (0/6) D:10
    Orc (0/2) D:10         Bailey (visited)

Altars:
Ashenzari
Cheibriados
Dithmenos
Elyvilon
Fedhas
Gozag
Hepliaklqana
Kikubaaqudgha
Makhleb
Nemelex Xobeh
Okawaru
Qazlal
Ru
Sif Muna
Trog
Uskayaw
Vehumet
Wu Jian
Xom
Yredelemnul
Zin
The Shining One

Shops:
D:3 [[:*:

Annotations:
D:10 1 runed translucent door, OhItsWolfy's ghost, journeyman GrHu


Innate Abilities, Weirdness & Mutations

You have a beak for a mouth.
You have claws for feet.
Your magical nature lets you fly swiftly and evasively.


Message History

The centaur warrior zombie closely misses you.
The centaur warrior zombie is struck by an arc of lightning!
You are struck by an arc of lightning.
The centaur warrior zombie is struck by an arc of lightning!
You destroy the centaur warrior zombie!
Vehumet accepts your kill.
The lightning grounds out.
You reach down and close the door, pushing everything out of the way.
You start resting.
You start resting.
You reach down and open the door.
Found a stone staircase leading down.
There is an open door here.
Nergalle is nearby!
Aim: Nergalle, wielding a +0 dagger and wearing a +2 robe of willpower (wandering, hasn't noticed you, empty space bonus: 8/8)
The air twists around and strikes Nergalle!
Nergalle shouts!
Aim: Nergalle, wielding a +0 dagger and wearing a +2 robe of willpower (lightly wounded, empty space bonus: 8/8)
The air twists around and strikes Nergalle!
Aim: Nergalle, wielding a +0 dagger and wearing a +2 robe of willpower (heavily wounded, empty space bonus: 8/8)
The air twists around and strikes Nergalle!
Nergalle says, "THAT's why.
How awful.
You!"
Aim: Nergalle, wielding a +0 dagger and wearing a +2 robe of willpower (heavily wounded, empty space bonus: 8/8)
The air twists around and strikes Nergalle!
Aim: Nergalle, wielding a +0 dagger and wearing a +2 robe of willpower (severely wounded, empty space bonus: 8/8)
The air twists around and strikes Nergalle!
Nergalle drinks a potion.
Nergalle is healed!
Aim: Nergalle, wielding a +0 dagger and wearing a +2 robe of willpower (heavily wounded, empty space bonus: 8/8)
The air twists around and strikes Nergalle!
Nergalle gestures at you while chanting.
The bolt of negative energy hits you!!
You feel drained.
Aim: Nergalle, wielding a +0 dagger and wearing a +2 robe of willpower (severely wounded, empty space bonus: 8/8)
The air twists around and strikes Nergalle!
You kill Nergalle!
Vehumet accepts your kill.
You feel your power returning.
Your life force feels restored.
A vampire mosquito comes into view.
There is an open door here.
An acid dragon comes into view.
The acid dragon moves out of view.
There is an escape hatch in the floor here.
The cyclops shouts!
The acid dragon roars!
The acid dragon spits acid at you. The splash of acid hits you!!
* * * LOW HITPOINT WARNING * * *
The acid corrodes you! The acid dragon spits acid at you.
The splash of acid hits you!!
You die...

..#.......................#
[#........................#
#....(....................#
.#........................#
..#............(..>.......#
...........#####..C.......#
#..........# #(.........####
.#.........# #)....D.......#
..#........# #@............#
.#.........# #.............#
#..........#####.............#
...............^>............#
############......# #......#
########


You could see a cyclops and an acid dragon (catching breath).

Vanquished Creatures
  Harold (D:7)
  A boulder beetle (D:11)
  5 death yaks
  3 two-headed ogres
  Nergalle (D:11)
  A cyclops (D:11)
  7 centaur zombies
  A gargoyle (D:10)
  2 komodo dragons
  A yaktaur (D:11)
  2 trolls
  A wraith (D:10)
  A wyvern (D:10)
  2 vampires (D:9)
  A basilisk (D:11)
  10 yaks
  3 water moccasins
  2 orc warriors
  2 black bears
  3 ogres
  5 sky beasts
  A necrophage (D:3)
  2 centaurs
  6 wolves (Bailey)
  2 phantoms
  2 kobold brigands
  A bullfrog (D:8)
  11 gnoll sergeants
  3 scorpions
  2 water moccasin skeletons
  3 killer bees (D:8)
  24 wights
  5 howler monkeys
  A bullfrog zombie (D:6)
  3 jellies
  Crazy Yiuf (D:3)
  4 hounds
  6 gnoll shamans (Bailey)
  4 orc priests
  A centaur skeleton (D:4)
  Jessica (D:2)
  4 bullfrog skeletons
  Ijyb (D:3)
  An iguana (D:5)
  An orc wizard (D:6)
  A hound zombie (D:5)
  A hound skeleton (D:3)
  2 howler monkey zombies
  Robin (D:2)
  32 gnolls
  6 adders
  2 shadow imps
  A white imp (D:6)
  An adder skeleton (D:4)
  4 dart slugs
  15 orcs
  5 endoplasms
  6 giant cockroaches
  22 goblins
  8 hobgoblins
  15 ball pythons
  2 bats
  4 frilled lizards
  11 kobolds
  6 rats
  A spectral goblin (D:4)
291 creatures vanquished.

Vanquished Creatures (others)
  2 withered plants (D:10)
2 creatures vanquished.

Grand Total: 293 creatures vanquished

Notes
Turn   | Place    | Note
-------+----------+-------------------------------------------
     0 | D:1      | growler the Tengu Air Elementalist began the quest for the
                  | Orb.
     0 | D:1      | Reached XP level 1. HP: 10/10 MP: 4/4
   462 | D:1      | Reached XP level 2. HP: 15/15 MP: 3/6
   546 | D:1      | Learned a level 2 spell: Static Discharge
  1269 | D:2      | Reached XP level 3. HP: 19/19 MP: 7/7
  1273 | D:2      | Learned a level 3 spell: Swiftness
  1295 | D:2      | Noticed Jessica
  1301 | D:2      | Killed Jessica
  1618 | D:2      | Reached XP level 4. HP: 24/24 MP: 9/9
  1732 | D:2      | Found a faded altar of an unknown god.
  1741 | D:2      | Got Plato's Guide on Arcane Weapons
  1769 | D:2      | Reached skill level 5 in Air Magic
  2113 | D:2      | Noticed Robin
  2141 | D:2      | Gained mutation: Your magical nature lets you fly swiftly
                  | and evasively. [Tengu growth]
  2141 | D:2      | Reached XP level 5. HP: 14/28 MP: 3/10
  2323 | D:2      | Killed Robin
  2342 | D:2      | Learned a level 4 spell: Airstrike
  2972 | D:3      | Found a shimmering blue altar of Sif Muna.
  3002 | D:3      | Found Xuit's General Store.
  3011 | D:3      | Found Zur Nemp's Book Emporium.
  3268 | D:3      | Noticed a necrophage
  3271 | D:3      | Killed a necrophage
  3272 | D:3      | Reached skill level 6 in Air Magic
  3272 | D:3      | Reached XP level 6. HP: 32/32 MP: 2/12
  3652 | D:3      | Found Naiw's Armour Emporium.
  3656 | D:3      | Bought a +0 buckler for 54 gold pieces
  3657 | D:3      | Found Nuomotaz's Armour Emporium.
  3667 | D:3      | Found Jiurph Wiott's Book Emporium.
  4021 | D:3      | Reached skill level 5 in Conjurations
  4065 | D:3      | Identified the ring "Jagoac" {rF+ Int+2 SInv Stlth+}
  4235 | D:3      | Noticed Ijyb
  4243 | D:3      | Killed Ijyb
  4413 | D:3      | Found a runed translucent door.
  4414 | D:3      | Noticed Crazy Yiuf
  4625 | D:3      | Killed Crazy Yiuf
  4766 | D:4      | Reached XP level 7. HP: 36/36 MP: 14/14
  4996 | D:4      | Reached skill level 7 in Air Magic
  5220 | D:4      | Found a staircase to the Ecumenical Temple.
  5228 | D:4      | Identified the +6 great sword "Fulian" {drain, rF+++ Dex-4
                  | Stlth+}
  5234 | Temple   | Entered the Ecumenical Temple
  5666 | D:4      | Found a broken altar of Ashenzari.
  5873 | D:4      | Found an iron altar of Okawaru.
  5999 | D:4      | Reached XP level 8. HP: 39/41 MP: 16/16
  6101 | D:4      | Reached skill level 5 in Spellcasting
  6262 | D:4      | Found a hazy altar of Hepliaklqana.
  6430 | D:5      | Entered Level 5 of the Dungeon
  6447 | D:5      | Reached skill level 8 in Air Magic
  6565 | D:5      | Reached skill level 9 in Air Magic
  7162 | D:5      | Reached skill level 10 in Air Magic
  7278 | D:5      | Reached XP level 9. HP: 46/46 MP: 13/17
  7366 | D:5      | Reached skill level 1 in Fighting
  7366 | D:5      | Reached skill level 1 in Shields
  7464 | D:5      | Found a sacrificial altar of Ru.
  8200 | D:6      | Found an ancient bone altar of Kikubaaqudgha.
  8206 | D:6      | Noticed a two-headed ogre
  8210 | D:6      | Killed a two-headed ogre
  8211 | D:6      | Reached skill level 11 in Air Magic
  8382 | D:6      | Found a bloodstained altar of Trog.
  8438 | D:6      | Found a shimmering altar of Xom.
  8798 | D:7      | Noticed Harold
  8803 | D:7      | Killed Harold
  8804 | D:7      | Reached skill level 5 in Dodging
  8804 | D:7      | Reached XP level 10. HP: 57/57 MP: 7/18
  9734 | D:7      | Found a radiant altar of Vehumet.
  9816 | D:7      | Found a glowing silver altar of Zin.
  9844 | D:7      | Became a worshipper of Vehumet
  9989 | D:8      | Found a sparkling altar of Nemelex Xobeh.
 10265 | D:8      | Noticed a two-headed ogre
 10270 | D:8      | Killed a two-headed ogre
 10271 | D:8      | Reached skill level 5 in Fighting
 10271 | D:8      | Reached skill level 5 in Shields
 10271 | D:8      | Reached skill level 12 in Air Magic
 10950 | D:8      | Identified the +2 ring mail of Day {rF+ SInv}
 11589 | D:9      | Found a flagged portal.
 11662 | Bailey   | Entered a bailey
 11665 | Bailey   | Reached * piety under Vehumet
 11665 | Bailey   | Offered knowledge of Freeze by Vehumet.
 12001 | Bailey   | Reached XP level 11. HP: 53/64 MP: 12/19
 12435 | Bailey   | Reached skill level 13 in Air Magic
 12852 | Bailey   | Identified the +7 hand crossbow "Qitruol" {vorpal, rElec
                  | Int+3 Dex-2}
 13382 | D:9      | Reached ** piety under Vehumet
 13382 | D:9      | Offered knowledge of Searing Ray by Vehumet.
 14495 | D:10     | Entered Level 10 of the Dungeon
 14497 | D:10     | Found a staircase to the Orcish Mines.
 14497 | D:10     | Found a runed translucent door.
 14497 | D:10     | Noticed OhItsWolfy's ghost (journeyman GrHu)
 14601 | D:10     | Noticed a death yak
 14601 | D:10     | Noticed a death yak
 15443 | D:10     | Found a white marble altar of Elyvilon.
 15451 | D:10     | Offered knowledge of Ignite Poison by Vehumet.
 15599 | D:10     | Noticed a death yak
 15601 | D:10     | Noticed a death yak
 15601 | D:10     | Noticed a death yak
 15622 | D:9      | Killed a death yak
 15623 | D:9      | Reached skill level 14 in Air Magic
 15866 | D:10     | Found an opulent altar of Gozag.
 15987 | D:9      | Killed a death yak
 16154 | D:10     | Found a staircase to the Lair.
 16335 | D:9      | Killed a death yak
 16674 | D:9      | Killed a death yak
 16675 | D:9      | Reached XP level 12. HP: 58/75 MP: 5/20
 16896 | D:10     | Killed a death yak
 17074 | D:11     | Noticed a fire dragon
 17074 | D:11     | Noticed a boulder beetle
 17106 | D:11     | Reached skill level 10 in Dodging
 17145 | D:11     | Noticed a two-headed ogre
 17152 | D:11     | Killed a two-headed ogre
 17156 | D:11     | Reached skill level 15 in Air Magic
 17491 | D:11     | Noticed Nergalle
 17808 | D:11     | HP: 3/76 [/static electricity (3)]
 17808 | D:11     | Killed a boulder beetle
 17808 | D:11     | Reached *** piety under Vehumet
 18465 | D:11     | Killed Nergalle
 18488 | D:11     | Killed from afar by an acid dragon

Illustrated notes

Levels and vault maps discovered:
D:1:      saegor_arrival_simple_e, layout_basic
D:2:      layout_loops_corners, shapermc_ecumenical_altar_rom_forum,
          serial_glass, glass_columns_a, glass_columns_b, chequers_garden,
          uniq_robin, uniq_jessica
D:3:      layout_basic, amcnicky_altar_gilded, serial_shops, shop, shop,
          nicolae_shop_advertising_works [nicolae_subvault_shop_adworks], shop,
          shop, grunt_ministairs_12, minmay_pentomino_pile,
          uniq_crazy_yiuf_cottage, uniq_ijyb
D:4:      layout_loops_ring, mainiacjoe_overflow_boulevard,
          nicolae_hepliaklqana_monster_ancestors, general_overflow_altar,
          minmay_temple_entry_trees, minmay_snake_closets
D:5:      layout_cave_pools, hangedman_ru_absence
D:6:      layout_cave_pools, bloody_trog, mainiacjoe_overflow_alcove_2,
          nicolae_kikubaaqudgha_miasma_corner
D:7:      layout_rooms, mainiacjoe_overflow_24_doors,
          lemuel_coloured_pillars_altar, uniq_harold
D:8:      layout_basic, nemelex_spade_bored_becter
D:9:      layout_cave_pods, enter_bailey_3, grunt_ministairs_11
D:10:     layout_basic, nicolae_gozag_cash_rules_everything_around_me,
          elyvilon_altar_5, dpeg_lair_monsters, orc_0_dummy,
          gammafunk_ghost_grave
D:11:     cheibrodos_fzero, layout_irregular_city, minmay_misc_feat_rows,
          nicolae_benzene_ring, uniq_maurice, uniq_fannar, uniq_nergalle
Temple:   dpeg_three_leaves_temple

Skill      XL: |  1  2  3  4  5  6  7  8  9 10 11 12 |
---------------+-------------------------------------+-----
Conjurations   | 2 3 4 5 6 9 |  9.8
Air Magic      | 5 6 7 10 11 12 14 15 | 15.0
Spellcasting   | 3 4 5 |  5.0
Fighting       | 4 6 8 9 |  9.4
Shields        | 4 5 |  5.0
Dodging        | 5 7 9 10 | 10.7
Stealth        | |  2.0

Action                   |  1- 3 |  4- 6 |  7- 9 | 10-12 || total
-------------------------+-------+-------+-------+-------++-------
Melee: Dagger            |    38 |    18 |    21 |    30 ||   107
       Kick              |     8 |     5 |     5 |    13 ||    31
       Peck              |     8 |     4 |     3 |    10 ||    25
       Punch             |     1 |       |       |       ||     1
 Cast: Shock             |    33 |    55 |    15 |     1 ||   104
       Static Discharge  |     2 |    24 |    37 |   112 ||   175
       Airstrike         |       |     4 |    69 |   245 ||   318
       Swiftness         |       |     1 |       |     2 ||     3
  Use: Scroll            |       |     2 |     3 |     9 ||    14
 Stab: Sleeping          |     2 |     1 |     6 |       ||     9
Armor: Robe              |    10 |     4 |    10 |    16 ||    40
Dodge: Dodged            |    17 |    20 |    28 |   114 ||   179
Block: Other             |       |       |    10 |       ||    10
       Buckler           |       |       |     1 |   102 ||   103
       Reflection        |       |       |     1 |     9 ||    10
